 Dungeon Crawl Stone Soup version 0.17-a0-1508-ge7f3dc3 (webtiles) character file.

4479 amnekian the Carver (level 10, -1/80 HPs)
             Began as a Human Fighter on July 10, 2015.
             Was an Initiate of Gozag.
             Slain by a death yak (16 damage)
             ... on level 10 of the Dungeon.
             The game lasted 00:48:57 (11902 turns).

amnekian the Carver (Human Fighter)                Turns: 11902, Time: 00:48:57

Health: -1/80      AC: 14    Str: 16    XL:     10   Next: 64%
Magic:  10/10      EV:  8    Int:  9    God:    Gozag
Gold:   837        SH: 10    Dex: 22    Spells: 0 memorised, 9 levels left

rFire  . . .     SeeInvis .     b - +0 blowgun
rCold  + . .     Clarity  .     u - +0 chain mail
rNeg   . . .     SustAt   .     c - +0 shield
rPois  .         Gourm    .     (no helmet)
rElec  +         Spirit   .     H - +0 cloak
rCorr  .         Warding  .     v - +1 pair of gloves
rMut   .         Stasis   .     (no boots)
MR     .....                    (no amulet)
Stlth  ..........               M - +3 ring of dexterity
                                G - ring "Cypn" {rElec rC+ Dex+3 Stlth-}

@: not resistant to hostile enchantments, extremely unstealthy
A: no striking features
a: Potion Petition, Call Merchant, Bribe Branch, Renounce Religion


You were on level 10 of the Dungeon.
You worshipped Gozag.
Gozag was noncommittal.
You were not hungry.

You visited 1 branch of the dungeon, and saw 11 of its levels.

You collected 1650 gold pieces.
You spent 384 gold pieces at shops.
You paid 429 gold pieces to Gozag.

Inventory:

Hand weapons
 a - a +1 long sword
 b - a +0 blowgun (weapon)
Missiles
 g - 12 exploding sling bullets
 n - 54 poisoned needles (quivered)
 s - 160 stones
 D - 4 tomahawks
Armour
 c - a +0 shield (worn)
 d - a +1 robe of fire resistance
 t - a +0 scale mail
 u - a +0 chain mail (worn)
 v - a +1 pair of gloves (worn)
 H - a +0 cloak (worn)
Jewellery
 l - an uncursed amulet of stasis
 y - an uncursed ring of ice
 C - an uncursed ring of ice
 G - the ring "Cypn" (left hand) {rElec rC+ Dex+3 Stlth-}
   (You found it on level 6 of the Dungeon)

   [ring of loudness]

   It affects your dexterity (+3).
   It protects you from cold.
   It insulates you from electricity.
   It makes you less stealthy.
 M - a +3 ring of dexterity (right hand)
 N - an uncursed ring of poison resistance
Magical devices
 i - a wand of teleportation (6)
Scrolls
 f - 2 scrolls of enchant armour
 j - 7 scrolls of remove curse
 m - 2 scrolls of amnesia
 o - 4 scrolls of blinking
 p - 3 scrolls of fog
 q - 2 scrolls of recharging
 w - 3 scrolls of noise
 A - a scroll of identify
 B - a scroll of silence {unknown}
 F - a scroll of teleportation
 I - a scroll of magic mapping
 L - a scroll of enchant weapon
Potions
 h - a potion of heal wounds {unknown}
 k - 3 potions of curing
 x - 2 potions of flight
 z - a potion of resistance {unknown}
 E - 3 potions of lignification
 K - a potion of ambrosia {unknown}
 O - a potion of brilliance {unknown}
Comestibles
 e - 3 bread rations
 r - 2 meat rations
 J - 5 beef jerkies


   Skills:
 - Level 8.0 Fighting
 - Level 9.0 Long Blades
 - Level 8.1 Armour
 * Level 5.8 Dodging
 - Level 3.0 Shields


You had 9 spell levels left.
You didn't know any spells.

Dungeon Overview and Level Annotations

Branches:
Dungeon (11/15)            Temple (0/1) D:5            Lair (0/8) D:9
    Orc: D:9-12

Altars:
Ashenzari
Gozag
Qazlal
Sif Muna
Trog
Yredelemnul
The Shining One

Shops:
D:5 ?

Annotations:
D:6 amnekian's ghost, experienced HuFi
D:7 exclusion: downstairs


Message History

The death yak looks even sicker.
The death yak is moderately wounded.
The death yak gores you!!
* * * LOW HITPOINT WARNING * * *
Drink which item? (? for menu, Esc to quit)
You feel better.
The death yak gores you but does no damage.
Evoke which item? (* to show all) (? for menu, Esc to quit)
Okay, then.
You see here a poisoned needle.
You are too injured to fight recklessly!
Firing (i - inventory. (,) - cycle):
n - 55 poisoned needles (quivered)
Press: ? - help, Shift-Dir - straight line, f/p - death yak
Aim: a death yak (heavily wounded, poisoned)
You shoot a poisoned needle. The poisoned needle hits the death yak!
The death yak looks even sicker.
The death yak is heavily wounded.
The death yak gores you!
You die...
Your body crumbles into a pile of gold.

#.###.##.# ####.# #..
####.##.###..[.# #.#
#............#####.#
#.##............##.#####
# ####.#.Y...#.##.##..
##.#.###Y#.##.##.#
#....# #...##.##.#
##...###(#.......#
##...@(Y.#.......#
........Y###Y.....<#
####.....###.......# $
#(....>.........#
.......###.......#
###.##.## #.......#
#...#. ####.#### #### #
#.# #.#


You could see a death yak and a yak.

Vanquished Creatures
  A troll (D:9)
  A two-headed ogre (D:8)
  2 hungry ghosts (D:7)
  4 yaks
  The ghost of patman the Sneak, an average VSAs (D:3)
  An orc warrior (D:5)
  2 ice beasts
  A phantom (D:5)
  3 ogres
  A sky beast (D:11)
  4 centaurs
  A big kobold (D:8)
  6 giant frogs
  A water moccasin zombie (D:5)
  3 wights (D:7)
  2 crimson imps
  A giant frog skeleton (D:6)
  10 orc priests
  2 centaur zombies
  2 jellies (D:6)
  8 orc wizards
  6 hounds
  Terence (D:3)
  2 iguanas
  7 worker ants
  A killer bee zombie (D:6)
  A worker ant zombie (D:7)
  6 adders
  3 gnolls
  A river rat (D:8)
  2 shadow imps
  4 oozes
  2 worms
  32 orcs
  A ball python (D:3)
  2 bat skeletons
  A bat zombie (D:6)
  6 giant cockroaches
  12 goblins
  15 hobgoblins
  10 jackals
  23 kobolds
  17 bats
  6 giant geckos
  A giant gecko zombie (D:8)
  8 giant newts
  2 gnoll zombies (D:6)
  7 quokkas
  2 quokka skeletons
  11 rats
249 creatures vanquished.

Notes
Turn   | Place    | Note
--------------------------------------------------------------
     0 | D:1      | amnekian the Human Fighter began the quest for the Orb.
     0 | D:1      | Reached XP level 1. HP: 18/18 MP: 1/1
    84 | D:1      | Reached XP level 2. HP: 24/24 MP: 2/2
   546 | D:1      | Reached XP level 3. HP: 29/29 MP: 3/3
  1304 | D:2      | Reached skill level 4 in Long Blades
  1304 | D:2      | Reached XP level 4. HP: 8/35 MP: 4/4
  1322 | D:1      | Noticed an ice beast
  2130 | D:2      | Found a glowing golden altar of the Shining One.
  2130 | D:2      | Found an opulent altar of Gozag.
  2133 | D:2      | Became a worshipper of Gozag Ym Sagoz the Greedy
  2375 | D:3      | Noticed patman's ghost (average VSAs)
  2393 | D:2      | Reached XP level 5. HP: 41/41 MP: 5/5
  2729 | D:3      | Reached skill level 5 in Long Blades
  2980 | D:3      | Noticed Terence
  3361 | D:5      | Entered Level 5 of the Dungeon
  3432 | D:4      | Reached XP level 6. HP: 41/47 MP: 6/6
  3668 | D:4      | Noticed an orc warrior
  3783 | D:5      | Found a staircase to the Ecumenical Temple.
  3855 | D:5      | Noticed a centaur
  3871 | D:5      | Killed a centaur
  3871 | D:5      | Reached skill level 6 in Long Blades
  4332 | D:5      | Reached skill level 7 in Long Blades
  4332 | D:5      | Reached XP level 7. HP: 27/52 MP: 7/7
  4393 | D:5      | Noticed an ogre
  4405 | D:5      | Killed an ogre
  4761 | D:5      | Found Efatag's Magic Scroll Shop.
  4768 | D:5      | Bought a scroll of fog for 24 gold pieces
  4768 | D:5      | Bought a scroll of blinking for 90 gold pieces
  5035 | D:5      | Reached skill level 8 in Long Blades
  5316 | D:5      | Killed an orc warrior
  5316 | D:5      | Reached XP level 8. HP: 24/58 MP: 8/8
  5502 | D:4      | Reached skill level 9 in Long Blades
  5660 | D:4      | Found a deep blue altar of Sif Muna.
  5899 | D:3      | Killed Terence
  6079 | D:3      | Killed patman's ghost
  6211 | D:6      | Noticed amnekian's ghost (experienced HuFi)
  6367 | D:6      | Reached skill level 5 in Fighting
  6733 | D:6      | HP: 3/64 [ogre/giant spiked club (19)]
  7270 | D:6      | Reached XP level 9. HP: 64/71 MP: 9/9
  7584 | D:6      | Found a basalt altar of Yredelemnul.
  7651 | D:6      | Got a slimy jade ring
  7687 | D:6      | Noticed an ice beast
  7703 | D:6      | Killed an ice beast
  7816 | D:6      | Noticed a two-headed ogre
  8095 | D:8      | Found a stormy altar of Qazlal.
  8470 | D:7      | Reached skill level 5 in Armour
  9451 | D:8      | Reached XP level 10. HP: 69/80 MP: 10/10
  9710 | D:8      | Found a shattered altar of Ashenzari.
  9791 | D:8      | Identified the ring "Cypn" {rElec rC+ Dex+3 Stlth-} (You found it on level 6 of the Dungeon)
  9951 | D:8      | Found a bloodstained altar of Trog.
 10074 | D:9      | Found a staircase to the Lair.
 10074 | D:9      | Noticed a death yak
 10723 | D:8      | Reached skill level 1 in Dodging
 10879 | D:10     | Entered Level 10 of the Dungeon
 11529 | D:10     | Found Qioducug's Food Emporium.
 11533 | D:10     | Bought a beef jerky for 18 gold pieces
 11533 | D:10     | Bought a beef jerky for 18 gold pieces
 11533 | D:10     | Bought a meat ration for 60 gold pieces
 11533 | D:10     | Bought a beef jerky for 18 gold pieces
 11533 | D:10     | Bought a bread ration for 60 gold pieces
 11533 | D:10     | Bought a beef jerky for 18 gold pieces
 11533 | D:10     | Bought a beef jerky for 18 gold pieces
 11533 | D:10     | Bought a bread ration for 60 gold pieces
 11689 | D:11     | Reached skill level 5 in Dodging
 11902 | D:10     | Slain by a death yak

Vault maps used:
D:1:      nicolae_arrival_somewhat_less_tricky_arrival
D:2:      gammafunk_temple_overflow_elements, first_bread
D:3:      minmay_cupped, uniq_terence
D:4:      old_standard_altar
D:5:      temple_doors_e, serial_shops, shop
D:6:      hangedman_cross_stitches, lemuel_zombie_altar_yredelemnul,
          uniq_crazy_yiuf_cottage
D:8:      bloody_trog, ashenzari_altar_1, nicolae_qazlal_general_emergency
D:9:      dpeg_lair_monsters, serial_undead, serial_undead_f, serial_undead_b,
          serial_undead_d, serial_undead_c
D:11:     orc_0_dummy, hangedman_little_slice_of_home, uniq_urug

Action                   |  1- 3 |  4- 6 |  7- 9 | 10-12 || total
-------------------------+-------+-------+-------+-------++-------
Melee: Long sword        |   126 |   307 |   610 |   186 ||  1229
 Fire: Hunting sling     |     2 |     1 |    16 |       ||    19
       Blowgun           |       |       |       |    19 ||    19
Throw: Stone             |       |     1 |     1 |       ||     2
       Tomahawk          |       |       |    11 |       ||    11
Invok: Potion Petition   |       |     1 |       |       ||     1
       Call Merchant     |       |       |     1 |       ||     1
  Use: Scroll            |       |     2 |     9 |     8 ||    19
       Potion            |       |     1 |       |     2 ||     3
 Stab: Distracted        |       |       |     1 |     1 ||     2
  Eat: Chunk             |     1 |     4 |       |       ||     5
       Bread ration      |       |     1 |     2 |       ||     3
       Pizza             |       |     1 |       |       ||     1
       Fruit             |       |     1 |     5 |       ||     6
       Meat ration       |       |       |     2 |     1 ||     3
